 Dungeon Crawl Stone Soup version 0.30-a0-779-g7971cf19c3 (webtiles) character file.

Game seed: 588108083030330846

3880 Firecrotchwizard the Grappler (level 10, -3/91 HPs)
             Began as a Ghoul Monk on Feb 18, 2023.
             Was a Priest of Okawaru.
             Slain by an orc warrior
             ... wielding a +0 glaive
              (9 damage)
             ... in a bailey.
             The game lasted 00:16:24 (7355 turns).

Firecrotchwizard the Grappler (Ghoul Monk)          Turns: 7355, Time: 00:16:24

Health: -3/91      AC: 15    Str: 20    XL:     10   Next: 19%
Magic:  7/9        EV: 10    Int:  5    God:    Okawaru [***...]
Gold:   451        SH:  0    Dex: 11    Spells: 9/9 levels left

rFire   . . .      SeeInvis .      - Unarmed
rCold   + . .      Faith    .    (no shield)
rNeg    + + +      Spirit   .    E - +0 chain mail
rPois   ∞          Reflect  .    n - +0 helmet
rElec   .          Harm     .    f - scarf {+Inv}
rCorr   .          Rampage  .    (no gloves)
Will    .....                    p - +2 pair of boots Stlth
                                 (no amulet)
HPRegen 0.00/turn                (no ring)
MPRegen 0.11/turn                (no ring)

@: heroic, inhibited regen
A: claws 1, cold resistance 1, negative energy resistance 3, inhibited
regeneration, torment resistance 2, devour on kill
a: Renounce Religion, Evoke Invisibility, Heroism


You were in a bailey.
You worshipped Okawaru.
Okawaru was most pleased with you.
You visited 2 branches of the dungeon, and saw 9 of its levels.
You also visited: Bailey.

You collected 451 gold pieces.

Inventory:

Missiles
 g - 5 boomerangs
 h - 6 javelins (quivered)
 s - 52 stones
 w - 25 poisoned darts
 B - 7 silver boomerangs
 F - 5 curare-tipped darts
 M - an atropa-tipped dart
Armour
 a - a +0 robe
 f - a scarf of invisibility (worn)
   (You found it on level 1 of the Dungeon)
 l - a +0 ring mail
   (You found it on level 2 of the Dungeon)
 n - a +0 helmet (worn)
   (You took it off Robin on level 2 of the Dungeon)
 p - a +2 pair of boots (worn)
   (You found it on level 2 of the Dungeon)
 y - a +0 scale mail
   (You found it on level 4 of the Dungeon)
 E - a +0 chain mail (worn)
   (You found it on level 5 of the Dungeon)
 J - a +1 hat
   (You found it on level 7 of the Dungeon)
Jewellery
 D - a ring of flight {+Fly, !d}
   (You found it on level 5 of the Dungeon)
 Z - a ring of wizardry {Wiz+, !d}
   (You found it on level 8 of the Dungeon)
Wands
 q - a wand of flame (20)
   (You found it on level 4 of the Dungeon)
Scrolls
 c - a scroll of brand weapon {unknown}
 d - 2 scrolls of enchant weapon {unknown}
 e - 6 scrolls of identify {unknown}
 j - a scroll of vulnerability {unknown}
 m - a scroll of teleportation {unknown}
 o - 4 scrolls of silence {unknown}
 r - 2 scrolls of enchant armour {unknown}
 t - 4 scrolls of immolation {unknown}
 u - 2 scrolls of summoning {unknown}
 v - a scroll of torment {unknown}
 C - a scroll of noise {unknown}
 K - a scroll of magic mapping {unknown}
 L - a scroll of fear {unknown}
Potions
 b - a potion of heal wounds {unknown}
 i - 2 potions of curing {unknown}
 k - 2 potions of lignification {unknown}
 x - a potion of mutation {unknown}
 z - 2 potions of brilliance {unknown}
 A - 2 potions of degeneration {unknown}
 G - a potion of ambrosia {!q}
 H - 2 potions of attraction {unknown}
 I - a potion of might {unknown}
 N - 2 potions of magic {unknown}


   Skills:
 + Level 9.5(14.5) Fighting
 + Level 2.2(7.2) Armour
 - Level 2.6(7.6) Dodging
 - Level 2.1(7.1) Stealth
 * Level 12.9(17.9) Unarmed Combat


You had 9 spell levels left.
You didn't know any spells.
Your spell library contained the following spells:

 Spells                   Type           Power      Damage    Failure   Level
 Apportation              Tloc           0%         N/A       99%         1
 Magic Dart               Conj           0%         1d3       99%         1
 Sting                    Tmut/Pois      0%         1d3       99%         1
 Blink                    Tloc           0%         N/A       100%        2
 Ensorcelled Hibernation  Hex/Ice        0%         N/A       100%        2
 Lesser Beckoning         Tloc           0%         N/A       100%        2
 Momentum Strike          Conj/Tloc      0%         3d8       100%        2
 Passwall                 Tmut/Erth      0%         N/A       100%        2
 Poisonous Vapours        Pois/Air       0%         N/A       100%        2
 Searing Ray              Conj           0%         2d4       100%        2
 Frozen Ramparts          Ice            0%         1d1       100%        3
 Swiftness                Air            0%         N/A       100%        3
 Fulminant Prism          Conj/Hex       0%         3d5       100%        4
 Olgreb's Toxic Radiance  Pois           0%         N/A       100%        4
 Alistair's Intoxication  Tmut/Pois      0%         N/A       100%        5
 Ice Form                 Ice/Tmut       Unusable   N/A       N/A         4
 Summon Ice Beast         Ice/Summ       Unusable   N/A       N/A         4

Dungeon Overview and Level Annotations

Branches:
Dungeon (8/15)             Temple (1/1) D:4          Bailey (1/1)
   Lair: D:8-11

Altars:
Dithmenos
Fedhas
Gozag
Hepliaklqana
Okawaru
Qazlal
Xom
Yredelemnul

Shops:
D:4 (   D:6 (

Annotations:
D:2 1 runed translucent door, Crazy Yiuf
D:3 1 runed translucent door Bailey 2 runed translucent doors


Innate Abilities, Weirdness & Mutations

You are immune to poison.
You have sharp fingernails.
Your flesh is cold resistant. (rC+)
You are immune to negative energy. (rN+++)
You do not regenerate when monsters are visible.
You are immune to unholy pain and torment.
You thrive by killing the living.


Message History

You mangle the orc!!
You kill the orc!
Okawaru accepts your kill.
You feel better. The orc hits you but does no damage.
An orc comes into view. It is wielding a +0 spear.
You regained 4 hp, and now have 76/91 hp.
The orc hits you but does no damage.
The orc hits you from afar with a +0 spear.
An orc warrior comes into view. It is wielding a +0 glaive.
You take 2 damage, and have 74/91 hp.
The orc warrior shouts!
You scratch the orc.
You hear a shout!
You closely miss the orc. The orc hits you but does no damage. x2
You mangle the orc!!
You kill the orc!
Okawaru accepts your kill.
You feel better. The orc hits you but does no damage.
The orc hits you from afar with a +0 trident.
You regained 2 hp, and now have 76/91 hp.
An orc warrior and an orc come into view.
The orc warrior shouts!
The orc shouts!
You hear a shout!
The orc hits you but does no damage. x2; The orc hits you with a +0 trident.
An orc comes into view. It is wielding a +0 spear.
You take 2 damage, and have 74/91 hp.
You mangle the orc!!
You kill the orc!
Okawaru accepts your kill.
You feel better.
An orc comes into view. It is wielding a +0 spear.
The orc hits you from afar with a +0 halberd.
The orc barely misses you.
You regained 2 hp, and now have 76/91 hp.
The orc shouts!
You claw the orc!
You kill the orc!
You feel better.
You regained 2 hp, and now have 78/91 hp.
The orc hits you with a +0 halberd!
Items here: )) [[ †.
You take 9 damage, and have 69/91 hp.
You claw the orc!
You kill the orc!
Okawaru accepts your kill.
You feel better.
The orc hits you from afar with a +0 halberd!
The orc barely misses you.
You take 1 damage, and have 68/91 hp.
An orc knight comes into view. It is wielding a +0 glaive.
The orc knight shouts!
The orc barely misses you. The orc warrior closely misses you.
An orc comes into view. It is wielding a +0 trident.
Things that are here:
a +0 halberd; a +0 ring mail; an orc corpse You claw the orc warrior!
Your claw misses the orc warrior.
An orc warrior comes into view. It is wielding a +0 halberd.
The orc hits you but does no damage. The orc barely misses you.
The orc warrior hits you with a +0 spear!
You take 7 damage, and have 61/91 hp.
You claw the orc warrior!
You kill the orc warrior!
Okawaru accepts your kill. The orc misses you. The orc barely misses you.
The deep elf pyromancer shouts!
The orc warrior barely misses you. The orc closely misses you.
The orc hits you but does no damage.
Things that are here:
a +0 spear; a +0 ring mail; an orc corpse You gain the combat prowess of a mighty hero.
The orc warrior hits you from afar with a +0 glaive.
The orc knight barely misses you. The orc closely misses you.
The orc hits you but does no damage.
You take 2 damage, and have 59/91 hp.
You now have 7/9 mp.
You scratch the orc. You claw the orc!
You kill the orc!
Okawaru accepts your kill. The orc warrior barely misses you.
The orc knight hits you from afar with a +0 glaive!
The orc closely misses you.
The orc hits you from afar with a +0 trident!
The orc barely misses you.
You take 17 damage, and have 42/91 hp.
The orc knight hits you with a +0 glaive!
The orc hits you with a +0 halberd. The orc barely misses you.
Things that are here:
a +0 spear; a +0 chain mail You take 14 damage, and have 28/91 hp.
You mangle the orc knight!!
The orc warrior hits you from afar with a +0 glaive!
* * * LOW HITPOINT WARNING * * *
The orc knight hits you with a +0 glaive!
* * * LOW HITPOINT WARNING * * *
The orc hits you but does no damage. x2; The orc barely misses you.
You take 22 damage, and have 6/91 hp.
MASSIVE DAMAGE!!
You mangle the orc knight!! You barely miss the orc knight.
The orc warrior hits you from afar with a +0 glaive!
You die...

..######...#.8#
.......)...#..# ..#..
...........'..# ..+..
...........'..# ##..+.
...........#).# ....#
..######...#o8# ...#
♣..≈≈≈≈....#..########..
♣..≈≈≈≈...##)ooo.o......
...≈≈≈≈...#...o)@o......
..≈≈≈≈≈..#$.##########.
...≈≈≈≈..#### ♣..≈≈≈≈≈..
♣♣..≈≈≈≈≈.


You could see an orc knight, 2 orc warriors and 4 orcs.

Vanquished Creatures
  Pikel (D:4)
  Sigmund (D:2)
  5 orc warriors
  A sky beast (D:7)
  4 ice beasts
  2 ogres
  4 centaurs
  A lemure (D:4)
  A phantom (D:6)
  A kobold brigand (D:8)
  2 bullfrogs
  A necrophage (D:7)
  6 scorpions
  3 wights (D:6)
  3 hounds
  2 jellies
  3 orc priests
  2 gnoll boudas
  2 iguanas (D:4)
  9 orc wizards
  Natasha (thrice) (D:4)
  Robin (D:2)
  14 gnolls
  8 adders
  A shadow imp (D:7)
  3 white imps
  An ufetubus (D:6)
  3 dart slugs
  24 orcs
  5 endoplasms
  3 giant cockroaches
  18 goblins
  7 hobgoblins
  2 jackals (D:5)
  14 kobolds
  2 quokkas (D:2)
  11 ball pythons
  7 bats
  4 frilled lizards
  A goblin skeleton (D:3)
  A goblin zombie (D:3)
  10 rats
197 creatures vanquished.

Vanquished Creatures (others)
  5 fungi (D:5)
  A plant (D:3)
6 creatures vanquished.

Grand Total: 203 creatures vanquished

Notes
Turn   | Place    | Note
-------+----------+-------------------------------------------
     0 | D:1      | Firecrotchwizard the Ghoul Monk began the quest for the
                  | Orb.
     0 | D:1      | Reached XP level 1. HP: 19/19 MP: 0/0
   190 | D:1      | Reached XP level 2. HP: 26/26 MP: 1/1
   297 | D:1      | Reached skill level 4 in Unarmed Combat
   556 | D:1      | Reached XP level 3. HP: 32/33 MP: 2/2
  1189 | D:2      | Noticed Robin
  1198 | D:2      | Killed Robin
  1309 | D:2      | Reached skill level 4 in Fighting
  1309 | D:2      | Reached XP level 4. HP: 40/40 MP: 3/3
  1342 | D:2      | Noticed Sigmund
  1388 | D:2      | Killed Sigmund
  1389 | D:2      | Reached skill level 6 in Unarmed Combat
  1389 | D:2      | Reached XP level 5. HP: 20/47 MP: 4/4
  1737 | D:2      | Found a runed translucent door.
  1738 | D:2      | Noticed Crazy Yiuf
  1801 | D:3      | Reached XP level 6. HP: 55/55 MP: 5/5
  1922 | D:3      | Noticed a human
  1923 | D:3      | Found a runed translucent door.
  1930 | D:3      | Found a basalt altar of Yredelemnul.
  2006 | D:3      | Reached skill level 5 in Fighting
  2343 | D:3      | Found a faded altar of an unknown god.
  2507 | D:3      | Found a faded altar of an unknown god.
  2705 | D:4      | Noticed Natasha
  2783 | D:4      | Killed Natasha
  2790 | D:4      | HP: 11/56 [centaur (5)]
  2795 | D:4      | Reached skill level 7 in Unarmed Combat
  2795 | D:4      | Reached XP level 7. HP: 19/61 MP: 6/6
  2795 | D:4      | Noticed Natasha
  2796 | D:4      | HP: 15/61 [kobold/+0 dagger (3)]
  2809 | D:4      | HP: 15/61 [crimson imp[Natasha] (1)]
  2811 | D:4      | Killed Natasha
  3290 | D:4      | Noticed Pikel
  3304 | D:4      | Killed Pikel
  3305 | D:4      | Reached skill level 6 in Fighting
  3305 | D:4      | Reached skill level 9 in Unarmed Combat
  3305 | D:4      | Reached XP level 8. HP: 21/71 MP: 7/7
  3488 | D:4      | Noticed Natasha
  3489 | D:4      | Found Simiegge's Antique Weapon Shop.
  3494 | D:4      | Killed Natasha
  3773 | D:4      | Found an opulent altar of Gozag.
  3808 | D:4      | Found a staircase to the Ecumenical Temple.
  3817 | Temple   | Entered the Ecumenical Temple
  3836 | Temple   | Became a worshipper of Warmaster Okawaru
  3836 | Temple   | Reached * piety under Okawaru
  3836 | Temple   | Reached ** piety under Okawaru
  4033 | D:5      | Entered Level 5 of the Dungeon
  4254 | D:5      | Reached skill level 7 in Fighting
  4612 | D:5      | Reached skill level 10 in Unarmed Combat
  5018 | D:5      | Reached XP level 9. HP: 81/81 MP: 8/8
  5192 | D:5      | Reached skill level 8 in Fighting
  5445 | D:6      | Reached skill level 11 in Unarmed Combat
  5637 | D:6      | Reached *** piety under Okawaru
  5661 | D:6      | Found a stormy altar of Qazlal.
  5834 | D:6      | Found Qasuf's Weapon Emporium.
  6008 | D:6      | Reached skill level 12 in Unarmed Combat
  6241 | D:7      | Reached skill level 9 in Fighting
  6245 | D:7      | Identified the +1 leather armour of Qerhev {-Tele Will+++
                  | Int+4}
  6569 | D:7      | Reached **** piety under Okawaru
  6570 | D:7      | Reached skill level 1 in Armour
  6627 | D:7      | Found a blossoming altar of Fedhas.
  6641 | D:7      | Reached XP level 10. HP: 91/91 MP: 9/9
  7067 | D:8      | Received a gift from Okawaru
  7283 | D:8      | Found a flagged portal.
  7302 | Bailey   | Entered a bailey
  7318 | Bailey   | Reached skill level 2 in Armour
  7345 | Bailey   | Found a large runed translucent door.
  7345 | Bailey   | Found a large runed translucent door.
  7345 | Bailey   | Noticed an orc knight
  7348 | Bailey   | Noticed a deep elf pyromancer
  7353 | Bailey   | HP: 15/91 [orc warrior/+0 glaive (13)]
  7353 | Bailey   | HP: 6/91 [orc knight/+0 glaive (9)]
  7355 | Bailey   | Slain by an orc warrior

Illustrated notes

Levels and vault maps discovered:
D:1:      amcnicky_arrival_single_pillar, layout_basic, minmay_strange_pillars,
          kennysheep_small_spiral
D:2:      layout_basic, serial_corexii_hall, chequers_hall_statues_corner_a,
          chequers_hall_statues_wall_a, chequers_hall_statues_y,
          corexii_hall_statues_x, corexii_hall_statues_x,
          chequers_hall_statues_wall_a, uniq_crazy_yiuf_cottage, uniq_robin,
          uniq_sigmund
D:3:      wad_river_or_something, layout_rooms,
          nicolae_overflow_ecumenical_swirl, dk_yredelemnul_ordeal,
          nicolae_ecumenical_lake_church, serial_bayou_ford_a
D:4:      layout_cave_pools, kennysheep_little_box, lemuel_temple_firewalk_b,
          serial_shops, shop, uniq_natasha, uniq_pikel
D:5:      old_forge, layout_gridville, nicolae_concentric_dashed_squares_wild
D:6:      layout_basic, nicolae_qazlal_style_of_elements, serial_shops,
          kennysheep_mini, amcnicky_mini_rare_corridor_liquid
D:7:      layout_basic, lemuel_tele_altar
D:8:      layout_basic, nicolae_ru_sacrificial_ziggurat, enter_bailey_5
Temple:   jpeg_temple_clearing
Bailey:   bailey_polearm_elven_captive_hellmonk, bailey

Skill      XL: |  1  2  3  4  5  6  7  8  9 10 |
---------------+-------------------------------+-----
Unarmed Combat | 4 6 7 9 10 12 | 12.9
Fighting       | 4 5 6 7 9 |  9.5
Armour         | 1 2 |  2.2
Dodging        | |  2.6
Stealth        | |  2.1

Action                     |  1- 3 |  4- 6 |  7- 9 | 10-12 || total
---------------------------+-------+-------+-------+-------++-------
  Melee: Unarmed           |    80 |   121 |   327 |    56 ||   584
         Punch             |     3 |     6 |    19 |     2 ||    30
  Throw: Dart              |       |       |     5 |       ||     5
 Invoke: Heroism           |       |       |       |     2 ||     2
  Evoke: Wand              |       |       |     5 |       ||     5
   Stab: Sleeping          |     2 |       |       |       ||     2
 Armour: Robe              |    10 |       |       |       ||    10
         Ring mail         |     9 |    27 |    16 |       ||    52
         Chain mail        |       |       |   139 |    30 ||   169
  Dodge: Dodged            |    38 |    63 |   111 |    27 ||   239

Table legend: (Time is in decaauts)
 A = Elapsed time spent in this place.
 B = Non-inter-level travel time spent in this place.
 C = Inter-level travel time spent in this place.
 D = Time resting spent in this place.
 E = Time spent auto-exploring this place.
 F = Levels seen in this place.
 G = Mean time per level.
                   A        B        C        D        E       F      G
               +--------+--------+--------+--------+--------+-----+--------+
         Total |   7277 |   6916 |    361 |    438 |   5237 |  10 |  727.7 |
       Dungeon |   7193 |   6848 |    345 |    438 |   5211 |   8 |  899.1 |
        Temple |     35 |     19 |     16 |      0 |     10 |   1 |   35.0 |
        Bailey |     47 |     47 |      0 |      0 |     16 |   1 |   47.0 |
               +--------+--------+--------+--------+--------+-----+--------+

Top non-repeatable levels by time:
     D:4: 1228 daAuts
     D:5: 1127 daAuts
     D:2: 1039 daAuts
     D:3: 970 daAuts
     D:6: 944 daAuts
     D:7: 803 daAuts
     D:1: 749 daAuts
     D:8: 330 daAuts
  Bailey: 47 daAuts
  Temple: 35 daAuts

Table legend:
 A = Kills in this place as a percentage of kills in entire the game.
 B = Kills by you in this place as a percentage of kills by you in the entire game.
 C = Kills by friends in this place as a percentage of kills by friends in the entire game.
 D = Other kills in this place as a percentage of other kills in the entire game.
 E = Experience gained in this place as a percentage of experience gained in the entire game.
 F = Experience gained in this place divided by the number of levels of this place that you have seen.
                   A       B       C       D       E      F
               +-------+-------+-------+-------+-------+----------------------
         Total | 100.0 | 100.0 |   N/A |   N/A | 100.0 | 554.4
       Dungeon |  95.4 |  95.4 |   N/A |   N/A |  92.6 | 641.5
        Bailey |   4.6 |   4.6 |   N/A |   N/A |   7.4 | 412.0
               +-------+-------+-------+-------+-------+----------------------
